 Dungeon Crawl Stone Soup version 0.19-a0-805-g0a78ef0 (webtiles) character file.

140 MrRokkomies the Cutter (level 5, -3/32 HPs)
             Began as a Kobold Abyssal Knight on June 27, 2016.
             Was a Believer of Lugonu.
             Killed from afar by Ijyb (17 damage)
             ... with a wand of lightning
             ... on level 3 of the Dungeon.
             The game lasted 00:05:46 (3202 turns).

MrRokkomies the Cutter (Kobold Abyssal Knight)      Turns: 3202, Time: 00:05:46

Health: -3/32      AC:  7    Str: 12    XL:     5   Next: 47%
Magic:  8/8        EV: 13    Int: 12    God:    Lugonu [**....]
Gold:   91         SH:  0    Dex: 15    Spells: 0 memorised, 4 levels left

rFire  . . .     SeeInvis .     a - +1 short sword
rCold  . . .     Gourm    .     p - +0 ring mail
rNeg   . . .     Faith    .     (shield restricted)
rPois  .         Spirit   .     (helmet restricted)
rElec  .         Dismiss  .     j - +0 cloak
rCorr  .         Reflect  .     h - +0 pair of gloves
SustAt .         Harm     .     (no boots)
MR     .....                    (no amulet)
Stlth  +.........               (no ring)
                                (no ring)

@: drained, not resistant to hostile enchantments, very unstealthy
A: horns 1, carnivore 3, clever 1, subdued magic 1
a: Depart the Abyss, Bend Space, Renounce Religion


You were on level 3 of the Dungeon.
You worshipped Lugonu.
Lugonu was pleased with you.
You were not hungry.

You visited 1 branch of the dungeon, and saw 3 of its levels.
You visited the Abyss 1 time.

You collected 91 gold pieces.

Inventory:

Hand Weapons
 a - a +1 short sword (weapon)
Missiles
 f - 6 tomahawks (quivered)
Armour
 h - a +0 pair of gloves (worn)
 j - a +0 cloak (worn)
 n - a +0 helmet
 p - a +0 ring mail (worn)
Jewellery
 b - a +4 ring of intelligence {unknown}
 s - an uncursed amulet of harm {unknown}
Scrolls
 e - a scroll of enchant armour {unknown}
 g - 2 scrolls of fog {unknown}
 i - a scroll of identify {unknown}
 l - a scroll of amnesia {unknown}
 o - 3 scrolls of recharging {unknown}
 r - a scroll of enchant weapon {unknown}
 u - a scroll of remove curse {unknown}
 v - a scroll of blinking {unknown}
Potions
 d - a potion of brilliance
 q - a potion of haste
 t - a potion of magic {unknown}
Comestibles
 c - 2 meat rations
 k - a beef jerky
 m - a royal jelly


   Skills:
 - Level 3.2(3.1) Fighting
 * Level 5.3(5.1) Short Blades
 - Level 0.7(0.5) Armour
 - Level 2.4(2.2) Dodging
 * Level 4.1(3.9) Invocations


You had 4 spell levels left.
You didn't know any spells.

Dungeon Overview and Level Annotations

Branches:
Dungeon (3/15)

Altars:

Annotations:
D:3 Dorikus's ghost, amateur DsAK; Ijyb


Innate Abilities, Weirdness & Mutations

You are small and have problems with some larger weapons.
You are carnivorous and can eat meat at any time.
You have a pair of small horns on your head.
Your mind is acute. (Int +2)
Your spells are a little easier to cast, but a little less powerful.


Message History

You closely miss Ijyb.
Ijyb is severely wounded.
Ijyb grins evilly.
Ijyb zaps a wand.
The bolt of lightning misses you.
You hit Ijyb. Your headbutt misses Ijyb.
Ijyb is almost dead.
You hit Ijyb.
Ijyb is almost dead.
Ijyb hits you but does no damage.
You hit Ijyb but do no damage.
Ijyb is almost dead.
Ijyb barely misses you.
You hit Ijyb but do no damage. Your headbutt misses Ijyb.
Ijyb is almost dead.
Ijyb hits you but does no damage.
You hit Ijyb. Your headbutt misses Ijyb.
Ijyb is almost dead.
Ijyb zaps a wand.
The bolt of lightning hits you!
Ouch! That really hurt!
You die...

#####.########........######
#.
>............+........'....#
#.
.####.########.†......####.##
#. #.........##.%....# #(.#
## ####..............# ##.##
#..............# #..#
#...........)..# ##.#
######+##############.####
.....Wg@................
.....K#############..###
..... ....#### ##.# # ....
####......####'### ###
#..'......#.......
#.##......#.......
#.##......#.......
#.##......#####..#
#.####............


You could see Ijyb, Dorikus's ghost and a kobold.

Vanquished Creatures
  Crazy Yiuf (D:2)
  6 adders
  A worm (D:2)
  5 bats
  3 giant cockroaches
  4 hobgoblins
  6 jackals
  9 kobolds
  A quokka (D:1)
  A ball python (D:1)
  3 giant newts
  8 goblins
  9 rats
57 creatures vanquished.

Notes
Turn   | Place    | Note
--------------------------------------------------------------
     0 | Abyss:1  | MrRokkomies the Kobold Abyssal Knight began the quest for the Orb.
     0 | Abyss:1  | Reached XP level 1. HP: 14/14 MP: 2/2
    20 | D:1      | Escaped the Abyss
   138 | D:1      | Reached skill level 3 in Short Blades
   448 | D:1      | Reached XP level 2. HP: 19/19 MP: 3/3
   658 | D:1      | Reached XP level 3. HP: 21/23 MP: 3/5
   940 | D:1      | Reached ** piety under Lugonu
  1294 | D:2      | Reached skill level 4 in Short Blades
  1418 | D:2      | Reached XP level 4. HP: 28/28 MP: 6/6
  1494 | D:2      | Found a runed door.
  2427 | D:2      | Reached XP level 5. HP: 32/32 MP: 7/7
  2629 | D:2      | Noticed Crazy Yiuf
  2642 | D:2      | Gained mutation: You have a pair of small horns on your head. [potion of mutation]
  2642 | D:2      | Gained mutation: Your mind is acute. (Int +2) [potion of mutation]
  2642 | D:2      | Gained mutation: Your spells are a little easier to cast, but a little less powerful. [potion of mutation]
  2646 | D:2      | Killed Crazy Yiuf
  2646 | D:2      | Reached skill level 5 in Short Blades
  3178 | D:3      | Noticed Ijyb
  3179 | D:3      | Noticed Dorikus's ghost (amateur DsAK)
  3202 | D:3      | Killed from afar by Ijyb

Vault maps used:
D:1:      roderic_crop_circles_arrival_small
D:2:      minmay_wonky_spiral, first_bread, uniq_crazy_yiuf_cottage
D:3:      nicolae_overflow_hidden_temple, uniq_iyjb, uniq_jessica

Skill      XL: |  1  2  3  4  5 |
---------------+----------------+-----
Short Blades   | 3 4 5 |  5.3
Invocations    | 3 4 |  4.1
Fighting       | |  3.2
Armour         | |  0.7
Dodging        | |  2.4

Action                   |  1- 3 |  4- 6 || total
-------------------------+-------+-------++-------
Melee: Short sword       |    91 |   136 ||   227
       Headbutt          |       |     5 ||     5
Throw: Tomahawk          |       |     3 ||     3
  Use: Potion            |       |     6 ||     6
 Stab: Sleeping          |     1 |       ||     1
  Eat: Chunk             |     5 |     5 ||    10
Armor: Leather armour    |    15 |       ||    15
       Ring mail         |       |    40 ||    40
Dodge: Dodged            |    58 |    80 ||   138
